 Dungeon Crawl Stone Soup version 0.29.1-13-g9f3cf754e1 (webtiles) character file.

Game seed: 16482526234770312361

644 GigaChad the Chopper (level 7, -1/61 HPs)
             Began as a Minotaur Fighter on Jan 19, 2023.
             Was an Initiate of Ashenzari.
             Killed by divine providence
             ... invoked by an orc priest
              (13 damage)
             ... on level 4 of the Dungeon.
             The game lasted 00:04:08 (3448 turns).

GigaChad the Chopper (Minotaur Fighter)             Turns: 3448, Time: 00:04:08

Health: -1/61      AC: 11    Str: 22    XL:     7   Next: 27%
Magic:  6/6        EV:  8    Int:  5    God:    Ashenzari [......]
Gold:   185        SH:  0    Dex: 16    Spells: 6/6 levels left

rFire   . . .      SeeInvis .   a - +0 war axe
rCold   . . .      Faith    .   c - +0 buckler
rNeg    . . .      Spirit   .   o - +1 chain mail
rPois   .          Reflect  .   (helmet restricted)
rElec   .          Harm     .   (no cloak)
rCorr   .          Rampage  .   (no gloves)
Will    .....                   (no boots)
Stlth   ..........              (no amulet)
HPRegen 0.20/turn               i - +6 ring of dexterity
MPRegen 0.10/turn               (no ring)

@: confused
A: horns 2, retaliatory headbutt
a: Renounce Religion


You were on level 4 of the Dungeon.
You worshipped Ashenzari.
Ashenzari was noncommittal.
You visited 1 branch of the dungeon, and saw 4 of its levels.

You collected 185 gold pieces.

Inventory:

Hand Weapons
 a - a +0 war axe (weapon)
Armour
 b - a +0 scale mail
 c - a +0 buckler (worn)
 o - a +1 chain mail (worn)
Jewellery
 i - a +6 ring of dexterity (left hand)
 q - the amulet of Elemental Vulnerability {rPois rF-- rC-- AC+8}
   (You found it on level 3 of the Dungeon)

   [amulet of nothing]

   AC:        It affects your AC (+8).
   rF:        It makes you very vulnerable to fire.
   rC:        It makes you very vulnerable to cold.
   rPois:     It protects you from poison.
 s - a ring of see invisible
Wands
 t - a wand of flame (13)
 v - a wand of roots (3)
Scrolls
 j - 2 scrolls of enchant weapon {unknown}
 k - 4 scrolls of amnesia {unknown}
 m - a scroll of butterflies
 p - 2 scrolls of identify
 r - 2 scrolls of teleportation {unknown}
 u - a scroll of fear {unknown}
 w - a scroll of blinking {unknown}
Potions
 d - a potion of might
 e - a potion of haste {unknown}
 f - 2 potions of curing
 g - 4 potions of heal wounds {unknown}
 h - 2 potions of degeneration {unknown}
 l - 2 potions of flight {unknown}
 n - a potion of attraction {unknown}


   Skills:
 + Level 5.1 Fighting
 + Level 6.8 Axes
 + Level 6.0 Armour
 + Level 1.2 Dodging
 + Level 0.3 Stealth
 + Level 4.5 Shields


You had 6 spell levels left.
You didn't know any spells.
Your spell library was empty.

Dungeon Overview and Level Annotations

Branches:
Dungeon (4/15)
 Temple: D:4-7

Altars:
Ashenzari
Elyvilon


Innate Abilities, Weirdness & Mutations

You have a pair of horns on your head.
You reflexively headbutt those who attack you in melee.


Message History

You block something's attack.
You hit the orc priest but do no damage.
The orc priest is severely wounded.
You barely miss something.
The orc priest hits you but does no damage.
You hear some strange, mumbled words.
A magic dart appears from out of thin air!
The magic dart hits you but does no damage.
Something hits you but does no damage.
The orc priest hits you with a +0 short sword.
Something hits you but does no damage. Something hits you but does no damage.
The orc priest attacks as you move away!
The orc priest hits you but does no damage.
You barely miss something. Your headbutt misses something.
The orc priest invokes the aid of Beogh against you.
Pain shoots through your body! Something hits you.
The orc priest hits you with a +0 short sword.
You closely miss the orc priest. You headbutt the orc priest.
The orc priest is almost dead.
You miss something.
You hear some strange, mumbled words.
You are confused.
The orc priest mumbles some strange prayers to Beogh against you.
Beogh smites you!
* * * LOW HITPOINT WARNING * * *
You miss something. You completely miss the orc priest.
The orc priest completely misses you. Something hits you but does no damage.
You bump into the rock wall.
The orc priest begins to cast a cantrip, but forgets the words!
Something hits you but does no damage.
You completely miss something.
You hit the orc priest but do no damage.
The orc priest hits you but does no damage.
Something hits you but does no damage.
You're too confused to move!
The orc priest mumbles some strange prayers to Beogh against you.
Beogh smites you!
You die...

...... #.# #.#.#.##.#
.......#.# >......#.#
#......#.# #####
#......#.# #...#
#......#.## #...#
#.........###...#
#.....)#...o@...#
......##....#...#
....#.........#.#...#
....#.....##....#####
....##..####.##...######
...........#.##.........
.....###.#.#)###.#####..
......##.....###....#...
............>..........#


You could see an orc priest.

Vanquished Creatures
  Sigmund (D:4)
  Pargi (D:3)
  A centaur (D:3)
  A necrophage (D:4)
  A jelly (D:4)
  An orc wizard (D:3)
  Natasha (thrice) (D:3)
  3 adders
  A white imp (D:4)
  3 worms
  3 dart slugs
  7 orcs
  5 ball pythons
  12 endoplasms
  4 giant cockroaches
  9 hobgoblins
  2 jackals (D:3)
  9 kobolds
  4 quokkas
  3 bats
  A frilled lizard (D:1)
  2 goblins (D:1)
  4 rats
81 creatures vanquished.

Notes
Turn   | Place    | Note
-------+----------+-------------------------------------------
     0 | D:1      | GigaChad the Minotaur Fighter began the quest for the Orb.
     0 | D:1      | Reached XP level 1. HP: 19/19 MP: 0/0
   253 | D:1      | Reached XP level 2. HP: 27/27 MP: 1/1
   816 | D:2      | Reached XP level 3. HP: 21/33 MP: 2/2
  1628 | D:2      | Reached XP level 4. HP: 40/40 MP: 3/3
  1909 | D:3      | Noticed Pargi
  1941 | D:3      | Killed Pargi
  1942 | D:3      | Reached XP level 5. HP: 33/46 MP: 4/4
  2250 | D:3      | Noticed a centaur
  2262 | D:3      | Killed a centaur
  2263 | D:3      | Reached skill level 5 in Axes
  2263 | D:3      | Reached skill level 5 in Armour
  2263 | D:3      | Reached skill level 1 in Dodging
  2647 | D:3      | Noticed Natasha
  2654 | D:3      | Killed Natasha
  2655 | D:3      | Reached XP level 6. HP: 50/53 MP: 5/5
  2729 | D:3      | Found the amulet of Elemental Vulnerability {rPois rF--
                  | rC-- AC+8}
  2957 | D:3      | Noticed Natasha
  2960 | D:3      | Found a broken altar of Ashenzari.
  2963 | D:3      | Killed Natasha
  2981 | D:3      | Found a white marble altar of Elyvilon.
  2998 | D:3      | Became a worshipper of Ashenzari the Shackled
  3014 | D:3      | Noticed Natasha
  3025 | D:3      | Killed Natasha
  3293 | D:4      | Noticed Sigmund
  3302 | D:4      | Killed Sigmund
  3303 | D:4      | Reached skill level 5 in Fighting
  3303 | D:4      | Reached XP level 7. HP: 61/61 MP: 6/6
  3448 | D:4      | Killed from afar by an orc priest

Illustrated notes

Levels and vault maps discovered:
D:1:      dpeg_arrival_oval, layout_basic
D:2:      layout_loops_corners
D:3:      wander_river, layout_basic, minitemple, uniq_natasha, uniq_pargi
D:4:      layout_rooms, serial_glass, glass_columns_b, glass_columns_b,
          glass_columns_b, glass_columns_b, glass_columns_a, glass_columns_a,
          uniq_sigmund

Skill      XL: |  1  2  3  4  5  6  7 |
---------------+----------------------+-----
Armour         | 4 5 6 |  6.0
Axes           | 3 4 5 6 |  6.8
Fighting       | 4 5 |  5.1
Shields        | 4 |  4.5
Dodging        | 1 |  1.2
Stealth        | |  0.3

Action                   |  1- 3 |  4- 6 |  7- 9 || total
-------------------------+-------+-------+-------++-------
Melee: War axe           |    82 |    71 |    20 ||   173
       Headbutt          |     7 |    14 |     5 ||    26
  Use: Scroll            |     4 |       |       ||     4
Armor: Scale mail        |    28 |       |       ||    28
       Chain mail        |    16 |    54 |    27 ||    97
Dodge: Dodged            |    39 |    31 |     9 ||    79
Block: Buckler           |    31 |    30 |     5 ||    66
